 Dungeon Crawl Stone Soup version 0.28-a0-529-g3bad584f25 (webtiles) character file.

Game seed: 2976050850030768777

2868 pokedragonboy the Covered (level 9, -7/71 HPs)
             Began as a Demonspawn Berserker on Sept 24, 2021.
             Was a Priest of Trog.
             Killed from afar by an acid dragon (22 damage)
             ... with a splash of acid
             ... on level 7 of the Dungeon.
             The game lasted 00:13:23 (7269 turns).

pokedragonboy the Covered (Demonspawn Berserker)    Turns: 7269, Time: 00:13:24

Health: -7/71      AC:  7    Str: 21    XL:     9   Next: 47%
Magic:  9/9        EV:  8    Int: 14    God:    Trog [***...]
Gold:   341        SH:  0    Dex: 18    Spells: 8/8 levels left

rFire   . . .      SeeInvis .   y - +5 hand axe of Yhigupty {vorpal, Drain Int+5}
rCold   . . .      Faith    .   (no shield)
rNeg    . . .      Spirit   .   c - +0 plate armour
rPois   .          Reflect  .   e - +1 hat
rElec   .          Harm     .   t - +0 cloak
rCorr   .          Rampage  .   (no gloves)
Will    ++...                   (no boots)
Stlth   ..........              d - amulet of the acrobat
HPRegen 1.21/turn               w - +6 ring of dexterity
MPRegen 0.22/turn               (no ring)

@: about to teleport, strong-willed, corroded, on berserk cooldown,
regenerating, slowed, very slow
A: claws 1, talons 2, magic regeneration
a: Renounce Religion, Berserk, Trog's Hand


You were on level 7 of the Dungeon.
You worshipped Trog.
Trog was most pleased with you.
You visited 1 branch of the dungeon, and saw 7 of its levels.

You collected 341 gold pieces.

Inventory:

Hand Weapons
 s - the +9 sword of Zonguldrok {reap}
   (You found it on level 4 of the Dungeon)

   Any living foe damaged by it may be reanimated upon death as a zombie
   friendly to the wielder, with an increasing chance as more damage is dealt.
 y - the +5 hand axe of Yhigupty (weapon) {vorpal, Drain Int+5}
   (You found it on level 6 of the Dungeon)

   It inflicts extra damage upon your enemies.
   Int:       It affects your intelligence (+5).
   Drain:     It drains your maximum health when unequipped.
 A - a +0 battleaxe
Missiles
 h - 6 javelins (quivered)
Armour
 c - a +0 plate armour (worn)
 e - a +1 hat (worn)
 t - a +0 cloak (worn)
Jewellery
 d - an amulet of the acrobat (around neck)
 w - a +6 ring of dexterity (left claw)
 B - a +4 ring of evasion
Wands
 a - a wand of mindburst (13)
 z - a wand of digging (5)
Scrolls
 f - a scroll of amnesia
 g - 2 scrolls of fog {unknown}
 i - 2 scrolls of enchant weapon
 l - 2 scrolls of teleportation
 m - a scroll of torment {unknown}
 n - a scroll of magic mapping {unknown}
 o - 2 scrolls of summoning {unknown}
 p - a scroll of fear {unknown}
 q - 2 scrolls of vulnerability {unknown}
 u - 3 scrolls of noise
 v - a scroll of immolation {unknown}
Potions
 b - a potion of mutation {unknown}
 j - a potion of heal wounds {unknown}
 k - a potion of haste
 r - a potion of ambrosia {unknown}
 x - a potion of lignification {unknown}


   Skills:
 + Level 6.5 Fighting
 - Level 5.4 Long Blades
 * Level 5.8 Axes
 * Level 7.1 Armour
 - Level 3.5 Dodging


You had 8 spell levels left.
You didn't know any spells.
Your spell library was empty.

Dungeon Overview and Level Annotations

Branches:
Dungeon (7/15)             Temple (0/1) D:5

Altars:
Elyvilon
Makhleb
Nemelex Xobeh
Ru
Sif Muna
Wu Jian
Yredelemnul

Shops:
D:3 (   D:6 *

Annotations:
D:3 2 transporters
D:6 3 runed translucent doors, AlleluiaPinecone's ghost, novice VSBr


Innate Abilities, Weirdness & Mutations

You have sharp fingernails.
You have razor-sharp toenails.
You regenerate magic rapidly.


Message History

You claw the acid dragon.
The acid dragon is lightly wounded.
The acid dragon barely misses you.
The acid dragon claws you but does no damage.
You hit the acid dragon. Your kick misses the acid dragon.
The acid dragon is moderately wounded.
The acid dragon spits acid at you. The splash of acid hits you!
The acid corrodes you!
You hit the acid dragon.
You claw the acid dragon, but do no damage.
The acid dragon is moderately wounded.
The acid dragon bites you!
The acid dragon claws you but does no damage.
The acid dragon bites you. The acid dragon completely misses you.
You hit the acid dragon.
You claw the acid dragon, but do no damage.
The acid dragon is heavily wounded.
The acid dragon bites you. The acid dragon completely misses you.
You hit the acid dragon but do no damage.
You claw the acid dragon, but do no damage.
The acid dragon is heavily wounded.
The acid dragon bites you!
The acid dragon claws you but does no damage.
A gnoll sergeant comes into view.
It is wielding a +0 spear and wearing the amulet "Zofanne" {Acrobat Harm rCorr Str+3}.
The acid dragon bites you.
* * * LOW HITPOINT WARNING * * *
The acid dragon claws you.
* * * LOW HITPOINT WARNING * * *
Okay, then.
As you read the scroll of teleportation, it crumbles to dust.
You feel strangely unstable. The gnoll sergeant barely misses you.
The acid dragon barely misses you. The acid dragon closely misses you.
The gnoll sergeant hits you from afar with a +0 spear.
* * * LOW HITPOINT WARNING * * *
Okay, then.
Your skin crawls.
You feel strong-willed. The acid dragon spits acid at you.
The splash of acid hits you!!
You die...

.# # #.# . #.# .# #.#
#.#. #.# #g..##
#.###D#... #...@.#..# ##
#####)###..# #.
##.#.....#..#######
##.##(.#.....#.........
#..#)#.............#
#..##.#.....#..)#.######.
#.##..#)....#............
###.#####.###)..#.######
... .......)..#.#


You could see an acid dragon (catching breath) and a gnoll sergeant.

Vanquished Creatures
  Pikel (D:5)
  A cyclops (D:7)
  An unseen horror (D:7)
  A steam dragon (D:6)
  A water moccasin (D:6)
  2 orc warriors
  2 black bears
  2 ogres
  2 centaurs (D:7)
  A lemure (D:5)
  A bullfrog (D:7)
  2 scorpions
  A howler monkey (D:6)
  2 centaur zombies
  A bullfrog zombie (D:5)
  3 hounds
  An orc priest (D:6)
  2 jellies (D:6)
  2 iguanas
  A hound skeleton (D:4)
  Robin (D:3)
  3 adders
  7 gnolls
  A howler monkey skeleton (D:5)
  A shadow imp (D:7)
  3 dart slugs
  19 orcs
  8 endoplasms
  4 giant cockroaches
  8 hobgoblins
  3 jackals (D:5)
  4 quokkas
  5 ball pythons
  4 bats
  A frilled lizard (D:3)
  8 goblins
  3 kobolds
  2 rats (D:1)
115 creatures vanquished.

Vanquished Creatures (collateral kills)
  A water moccasin zombie (D:5)
  An adder (D:6)
2 creatures vanquished.

Vanquished Creatures (others)
  5 toadstools (D:5)
5 creatures vanquished.

Grand Total: 122 creatures vanquished

Notes
Turn   | Place    | Note
-------+----------+-------------------------------------------
     0 | D:1      | pokedragonboy the Demonspawn Berserker began the quest for
                  | the Orb.
     0 | D:1      | Reached XP level 1. HP: 18/18 MP: 1/1
   159 | D:1      | Reached skill level 2 in Armour
   329 | D:1      | Gained mutation: You regenerate magic rapidly. [demonic
                  | ancestry]
   329 | D:1      | Reached XP level 2. HP: 24/24 MP: 2/2
   350 | D:1      | Found a faded altar of an unknown god.
   748 | D:2      | Found a burning altar of Makhleb.
  1196 | D:2      | Reached XP level 3. HP: 20/29 MP: 3/3
  1690 | D:3      | Noticed Robin
  1704 | D:3      | Killed Robin
  1706 | D:3      | Reached ** piety under Trog
  2205 | D:3      | Found Udiegidi's Antique Weapon Emporium.
  2226 | D:3      | Gained mutation: You have sharp fingernails. [demonic
                  | ancestry]
  2226 | D:3      | Reached XP level 4. HP: 31/35 MP: 4/4
  2516 | D:3      | Found a transporter.
  2533 | D:3      | Found a transporter.
  3096 | D:4      | Noticed a scorpion
  3104 | D:4      | Killed a scorpion
  3105 | D:4      | Reached skill level 3 in Armour
  3105 | D:4      | Gained mutation: You have sharp toenails. [demonic
                  | ancestry]
  3105 | D:4      | Reached XP level 5. HP: 42/42 MP: 5/5
  3190 | D:4      | Found a basalt altar of Yredelemnul.
  3710 | D:4      | Found the +9 sword of Zonguldrok {reap}
  3916 | D:4      | Found a sparkling altar of Nemelex Xobeh.
  3990 | D:4      | Noticed an ogre
  3993 | D:4      | Killed an ogre
  3993 | D:4      | Reached *** piety under Trog
  3994 | D:4      | Reached skill level 1 in Long Blades
  3994 | D:4      | Reached skill level 4 in Armour
  3994 | D:4      | Reached XP level 6. HP: 28/48 MP: 6/6
  4204 | D:5      | Entered Level 5 of the Dungeon
  4221 | D:5      | Found a sacrificial altar of Ru.
  4319 | D:5      | Found an ornate altar of the Wu Jian Council.
  4359 | D:5      | Noticed Pikel
  4371 | D:5      | Killed Pikel
  4372 | D:5      | Gained mutation: You have razor-sharp toenails. [demonic
                  | ancestry]
  4372 | D:5      | Reached XP level 7. HP: 14/55 MP: 7/7
  4380 | D:5      | Reached skill level 5 in Fighting
  4887 | D:5      | Reached XP level 8. HP: 46/62 MP: 8/8
  5121 | D:5      | Found a shimmering blue altar of Sif Muna.
  5405 | D:5      | Found a staircase to the Ecumenical Temple.
  5511 | D:6      | Found a runed translucent gate.
  5511 | D:6      | Noticed AlleluiaPinecone's ghost (novice VSBr)
  5512 | D:6      | Found a runed translucent gate.
  5512 | D:6      | Found a runed translucent gate.
  5517 | D:6      | Reached skill level 5 in Armour
  5544 | D:6      | Found Bioxki Voyd's Overcharged Wands.
  5649 | D:6      | Reached skill level 5 in Long Blades
  5976 | D:6      | Identified the +5 hand axe of Yhigupty {vorpal, Drain
                  | Int+5}
  5990 | D:6      | Reached skill level 6 in Armour
  6443 | D:6      | HP: 4/96 [orc warrior (12)]
  7030 | D:7      | Reached XP level 9. HP: 58/69 MP: 9/9
  7121 | D:7      | Killed an unseen horror
  7122 | D:7      | Reached skill level 5 in Axes
  7228 | D:7      | Noticed a cyclops
  7242 | D:7      | Killed a cyclops
  7243 | D:7      | Reached skill level 7 in Armour
  7267 | D:7      | Identified the amulet "Zofanne" {Acrobat Harm rCorr Str+3}
  7269 | D:7      | Killed from afar by an acid dragon

Illustrated notes

Levels and vault maps discovered:
D:1:      shiori_arrival_maze, layout_basic, ebering_ecumenical_altar_mist,
          grunt_decor_mini_mirrors
D:2:      layout_basic, basic_altar, minmay_pentomino_o2
D:3:      gammafunk_wand_slinger, layout_basic, serial_shops,
          nicolae_shop_overgrown_old_shop, grunt_decor_one_mirror, uniq_robin
D:4:      layout_loops_ring, nemelex_dance_club_becter,
          mainiacjoe_overflow_small_starburst, hex_medium
D:5:      layout_loops_cross, mainiacjoe_overflow_tiny_flanked,
          nicolae_wu_jian_wuxing_cycle, kennysheep_orc_sif_temple,
          elyvilon_altar_4, temple_hall, minmay_gold_behind_fungi, uniq_pikel
D:6:      minmay_angry_zag, layout_layer_cave, gammafunk_ghost_split,
          corexii_item_surrounded_by_moat, nicolae_shop_overcharged_wands
D:7:      minmay_the_grid_square_5x5_3x3 [minmay_the_grid_square_5x5_three,
          minmay_the_grid_square_5x5_inverted_slash,
          minmay_the_grid_square_5x5_n_small, minmay_the_grid_square_5x5_fat_x,
          minmay_the_grid_square_5x5_megaprize_checkered,
          minmay_the_grid_square_5x5_z, minmay_the_grid_square_5x5_bridge,
          minmay_the_grid_square_5x5_seven, minmay_the_grid_square_5x5_empty],
          layout_basic, nicolae_overflow_quartered_altars,
          nicolae_qazlal_general_emergency, uniq_menkaure

Skill      XL: |  1  2  3  4  5  6  7  8  9 |
---------------+----------------------------+-----
Armour         | 2 3 4 6 7 |  7.1
Axes           | 3 4 5 |  5.8
Fighting       | 4 5 6 |  6.5
Long Blades    | 1 3 4 5 |  5.4
Dodging        | 2 3 |  3.5

Action                   |  1- 3 |  4- 6 |  7- 9 || total
-------------------------+-------+-------+-------++-------
Melee: Hand axe          |   114 |    79 |    62 ||   255
       Kick              |       |    26 |    42 ||    68
       Double sword      |       |    21 |    67 ||    88
Invok: Berserk           |     2 |     4 |     3 ||     9
       Trog's Hand       |       |       |     3 ||     3
  Use: Scroll            |       |     2 |     4 ||     6
 Stab: Sleeping          |     3 |       |       ||     3
Armor: Animal skin       |    11 |       |       ||    11
       Leather armour    |    19 |       |       ||    19
       Chain mail        |     3 |    47 |    64 ||   114
       Plate armour      |       |       |    50 ||    50
Dodge: Dodged            |    81 |    45 |    94 ||   220

Table legend: (Time is in decaauts)
 A = Elapsed time spent in this place.
 B = Non-inter-level travel time spent in this place.
 C = Inter-level travel time spent in this place.
 D = Time resting spent in this place.
 E = Time spent auto-exploring this place.
 F = Levels seen in this place.
 G = Mean time per level.
                   A        B        C        D        E       F      G
               +--------+--------+--------+--------+--------+-----+--------+
         Total |   7404 |   7194 |    210 |   1540 |   4650 |   7 | 1057.7 |
       Dungeon |   7404 |   7194 |    210 |   1540 |   4650 |   7 | 1057.7 |
               +--------+--------+--------+--------+--------+-----+--------+

Top non-repeatable levels by time:
     D:6: 1528 daAuts
     D:3: 1431 daAuts
     D:5: 1313 daAuts
     D:4: 1150 daAuts
     D:2: 1018 daAuts
     D:1: 672 daAuts
     D:7: 289 daAuts
